 Dungeon Crawl Stone Soup version 0.30-a0-711-gf4ac18a38d (webtiles) character file.

Game seed: 8656315360189286257

3741 Crownlay the Purveyor of Pain (level 9, -14/61 (65) HPs)
             Began as a Demonspawn Necromancer on Jan 22, 2023.
             Was an Initiate of Kikubaaqudgha.
             Demolished by a two-headed ogre
             ... wielding a +0 giant club
              (26 damage)
             ... on level 8 of the Dungeon.
             The game lasted 00:21:21 (7469 turns).

Crownlay the Purveyor of Pain (DsNe)                Turns: 7469, Time: 00:21:21

HP:   -14/61 (65)   AC:  9    Str:  9    XL:     9   Next: 93%
MP:   16/16         EV: 11    Int: 26    God:    Kikubaaqudgha [......]
Gold: 506           SH:  0    Dex: 14    Spells: 8/18 levels left

rFire   . . .      SeeInvis .    i - +1 executioner's axe (venom)
rCold   . . .      Faith    .    (shield currently unavailable)
rNeg    . . .      Spirit   .    w - +0 troll leather armour
rPois   .          Reflect  .    (helmet restricted)
rElec   .          Harm     .    (no cloak)
rCorr   +          Rampage  .    r - +0 pair of gloves
Will    +....                    (no boots)
Stlth   ++                       o - amulet of magic regeneration
HPRegen 1.10/turn                n - +6 ring of intelligence
MPRegen 0.55/turn                k - ring of willpower

@: studying Shields, drained
A: antennae 1, yellow scales 3, foul stench 1
a: Renounce Religion


You were on level 8 of the Dungeon.
You worshipped Kikubaaqudgha.
Kikubaaqudgha was noncommittal.
You visited 2 branches of the dungeon, and saw 9 of its levels.
You also visited: Bailey.

You collected 506 gold pieces.

Inventory:

Hand Weapons
 i - a +1 executioner's axe of venom (weapon)
 m - the +1 dagger "Xichat" {freeze, Int+3 Dex-4 SInv Stlth+}
   (You found it on level 3 of the Dungeon)

   Int:       It affects your intelligence (+3).
   Dex:       It affects your dexterity (-4).
   SInv:      It lets you see invisible.
   Stlth:     It makes you more stealthy.
Missiles
 x - 21 javelins
Armour
 r - a +0 pair of gloves (worn)
 w - a +0 troll leather armour (worn)
Magical Staves
 q - a staff of death
Jewellery
 k - a ring of willpower (right hand)
 n - a +6 ring of intelligence (left hand)
 o - an amulet of magic regeneration (around neck)
 t - a ring of poison resistance
Wands
 a - a wand of digging (5)
 u - a wand of acid (5)
 v - a wand of flame (25)
 y - a wand of charming (1)
Scrolls
 c - a scroll of fear
 d - a scroll of fog
 j - a scroll of amnesia
 l - 4 scrolls of blinking
 p - 4 scrolls of enchant armour
 s - 2 scrolls of teleportation
 A - a scroll of brand weapon {unknown}
Potions
 b - a potion of magic
 e - a potion of attraction {unknown}
 f - 2 potions of curing
 g - a potion of flight {unknown}
 h - a potion of heal wounds {unknown}
 z - a potion of cancellation {unknown}


   Skills:
 - Level 4.0 Fighting
 - Level 1.7 Dodging
 - Level 1.7 Stealth
 * Level 1.6 Shields
 - Level 5.0 Spellcasting
 + Level 5.8 Summonings
 - Level 12.0 Necromancy
 + Level 0.0 Transmutations
 - Level 4.0 Evocations


You had 8 spell levels left.
You knew the following spells:

 Your Spells              Type           Power      Damage    Failure   Level
a - Necrotise             Necr           100%       1d9       1%          1
b - Animate Dead          Necr           62%        N/A       1%          4
c - Agony                 Necr           62%        N/A       2%          5

Your spell library contained the following spells:

 Spells                   Type           Power      Damage    Failure   Level
 Vampiric Draining        Necr           62%        2d10      1%          3
 Anguish                  Hex/Necr       18%        N/A       9%          4
 Ensorcelled Hibernation  Hex/Ice        12%        N/A       16%         2
 Passwall                 Tmut/Erth      5%         N/A       16%         2
 Frozen Ramparts          Ice            12%        1d2       32%         3
 Ignite Poison            Fire/Tmut/Pois 6%         N/A       32%         3
 Kindle Blastsparks       Fire/Tloc/Air  12%        2d11      32%         3
 Spider Form              Tmut/Pois      6%         N/A       32%         3
 Swiftness                Air            6%         N/A       32%         3
 Summon Ice Beast         Ice/Summ       21%        N/A       32%         4
 Ice Form                 Ice/Tmut       6%         N/A       71%         4
 Freezing Cloud           Conj/Ice/Air   3%         6-21      96%         5


Dungeon Overview and Level Annotations

Branches:
Dungeon (8/15)             Temple (1/1) D:7          Bailey (visited)
   Lair: D:8-11

Altars:
Ashenzari
Cheibriados
Fedhas
Gozag
Hepliaklqana
Kikubaaqudgha
Nemelex Xobeh
Okawaru
Qazlal
Ru
Sif Muna
Trog
Uskayaw
Vehumet
Wu Jian
Xom
Yredelemnul

Shops:
D:2 =


Innate Abilities, Weirdness & Mutations

You have a pair of small antennae on your head.
You are completely covered in yellow scales. (AC +4, rCorr)
You may rarely emit foul miasma when damaged in melee.


Message History

Found a quarterstaff.
You see here a +0 quarterstaff.
You open the door.
There is an open door here.
Found a stone staircase leading up.
A - a scroll labelled ISETOA ES ILOY You enter the shallow water.
Moving in this stuff is going to be slow.
Found an arbalest.
A two-headed ogre comes into view. It is wielding two +0 giant clubs.
Found a glowing dark potion.
The two-headed ogre shouts in stereo!
Okay, then.
You can't see any susceptible monsters within range! (Use Z to cast anyway.)
You feel a surge of power!
The two-headed ogre writhes in agony!
You feel a surge of power!
The two-headed ogre struggles to resist.
You feel a surge of power!
The two-headed ogre writhes in agony.
Your +1 executioner's axe of venom begins to drip with poison!
i - a +1 executioner's axe of venom (weapon)
The two-headed ogre closely misses you.
The two-headed ogre hits you with a +0 giant club!
You barely miss the two-headed ogre.
The two-headed ogre is lightly wounded.
The two-headed ogre hits you with a +0 giant club!!
The two-headed ogre hits you with a +0 giant club!
* * * LOW HITPOINT WARNING * * *
You hit the two-headed ogre.
The two-headed ogre is poisoned.
The two-headed ogre is lightly wounded.
The two-headed ogre misses you.
The two-headed ogre hits you with a +0 giant club!
* * * LOW HITPOINT WARNING * * *
You emit a cloud of foul miasma!
You feel better.
The two-headed ogre is engulfed in dark miasma.
The two-headed ogre looks as sick as possible!
The two-headed ogre seems to slow down.
The two-headed ogre hits you with a +0 giant club!!
You die...
Kikubaaqudgha rasps: "You have failed me!
Welcome... death!"

#.[.......... #......
##.#####.#### .8.!...
#........... ⌠......
#######'#### .8..... #......
⌠...... #...... .8..)..
######......
###....###########.....#.####
...........O@.........)......
###....##########........####
....... ##...........######
....... #<...........# #..
...##.. ##.......###### #..
.. #.. #####~~~~~~~~# #.. .
#8. ~~~~~≈≈≈≈≈≈~~~~.. #8.
~~≈≈≈≈≈≈≈≈≈≈≈≈≈~~~
≈≈≈≈≈≈~~~~~~≈≈≈≈≈~


You could see a two-headed ogre (extremely poisoned, slow).

Vanquished Creatures
  2 water moccasins
  9 orc warriors (Bailey)
  2 sky beasts (D:7)
  2 ice beasts
  A black bear (D:7)
  2 ogres (D:4)
  10 centaurs
  3 scorpions
  A wight (D:8)
  2 howler monkeys (D:6)
  2 hounds (D:5)
  An orc priest (D:7)
  A jelly (D:7)
  Natasha (D:4)
  3 iguanas
  4 adders
  A white imp (D:7)
  3 worms
  3 dart slugs
  28 orcs
  4 endoplasms
  5 giant cockroaches
  12 goblins
  3 hobgoblins
  2 jackals (D:4)
  6 kobolds
  5 quokkas
  6 ball pythons
  6 bats
  2 frilled lizards
  4 rats (D:1)
136 creatures vanquished.

Vanquished Creatures (collateral kills)
  A troll (D:6)
  A sky beast (D:6)
  An orc warrior (Bailey)
  An ogre (D:5)
  A necrophage (D:5)
  2 hounds
  A white imp (D:7)
  2 orcs
  A goblin (D:7)
  A quokka (D:1)
12 creatures vanquished.

Vanquished Creatures (others)
  A water moccasin zombie (D:6)
  6 centaur zombies
  A scorpion zombie (D:6)
  An adder zombie (D:4)
  A felid zombie (D:4)
  13 orc zombies
23 creatures vanquished.

Grand Total: 171 creatures vanquished

Notes
Turn   | Place    | Note
-------+----------+-------------------------------------------
     0 | D:1      | Crownlay the Demonspawn Necromancer began the quest for the
                  | Orb.
     0 | D:1      | Reached XP level 1. HP: 13/13 MP: 3/3
   395 | D:1      | Gained mutation: You have a pair of small antennae on your
                  | head. [demonic ancestry]
   395 | D:1      | Reached XP level 2. HP: 19/19 MP: 3/5
   480 | D:1      | Reached skill level 5 in Necromancy
   569 | D:1      | You fall into a shaft and drop 1 floor!
   569 | D:2      | Found Boil Bax's Jewellery Shop.
  1440 | D:1      | Reached XP level 3. HP: 24/24 MP: 2/6
  2104 | D:2      | Found a bloodstained altar of Trog.
  2277 | D:3      | Reached skill level 6 in Necromancy
  2385 | D:3      | Reached XP level 4. HP: 19/30 MP: 2/7
  2690 | D:3      | Identified the +1 dagger "Xichat" {freeze, Int+3 Dex-4 SInv
                  | Stlth+}
  2702 | D:3      | Learned a level 4 spell: Animate Dead
  2847 | D:3      | Found a shimmering blue altar of Sif Muna.
  3176 | D:4      | Noticed an ogre
  3185 | D:4      | Killed an ogre
  3186 | D:4      | Reached skill level 7 in Necromancy
  3186 | D:4      | Gained mutation: You are partially covered in yellow
                  | scales. (AC +2) [demonic ancestry]
  3186 | D:4      | Reached XP level 5. HP: 35/35 MP: 4/8
  3200 | D:4      | Identified the +4 short sword of Dissent {antimagic, Str+4}
  3391 | D:4      | Noticed Natasha
  3400 | D:4      | Killed Natasha
  3497 | D:4      | Reached skill level 8 in Necromancy
  3497 | D:4      | Reached XP level 6. HP: 39/41 MP: 7/9
  3714 | D:4      | Your ally Natasha died
  3918 | D:5      | Entered Level 5 of the Dungeon
  3956 | D:5      | Reached skill level 9 in Necromancy
  3964 | D:5      | Gained mutation: You may rarely emit foul miasma when
                  | damaged in melee. [demonic ancestry]
  3964 | D:5      | Reached XP level 7. HP: 15/46 MP: 2/10
  4226 | D:5      | Reached skill level 1 in Summonings
  4364 | D:5      | Reached skill level 10 in Necromancy
  4650 | D:6      | Gained mutation: You are mostly covered in yellow scales.
                  | (AC +3) [demonic ancestry]
  4650 | D:6      | Reached XP level 8. HP: 26/52 MP: 2/11
  4833 | D:6      | Reached skill level 1 in Evocations
  4884 | D:6      | Learned a level 5 spell: Agony
  5103 | D:6      | Noticed a troll
  5123 | D:6      | Killed a troll
  5545 | D:7      | Found a staircase to the Ecumenical Temple.
  5646 | D:7      | Found a flagged portal.
  5654 | Bailey   | Entered a bailey
  5785 | Bailey   | Reached skill level 11 in Necromancy
  5785 | Bailey   | Gained mutation: You are completely covered in yellow
                  | scales. (AC +4, rCorr) [demonic ancestry]
  5785 | Bailey   | Reached XP level 9. HP: 36/57 MP: 13/15
  5960 | Bailey   | Reached skill level 5 in Spellcasting
  6041 | Bailey   | Reached skill level 12 in Necromancy
  6089 | Bailey   | Reached skill level 1 in Fighting
  6210 | Bailey   | Reached skill level 5 in Summonings
  7060 | D:7      | Reached skill level 1 in Shields
  7069 | Temple   | Entered the Ecumenical Temple
  7262 | Temple   | Became a worshipper of Kikubaaqudgha
  7454 | D:8      | Noticed a two-headed ogre
  7469 | D:8      | Demolished by a two-headed ogre

Illustrated notes

Levels and vault maps discovered:
D:1:      dpeg_arrival_brainrot, layout_loops_corners
D:2:      layout_rooms, serial_shops, shop, basic_altar
D:3:      layout_loops_ring, mainiacjoe_overflow_cross_hatched
D:4:      layout_basic, reono_crystal_passage, uniq_natasha
D:5:      layout_rooms, nicolae_elevator_lobby_asterisk
D:6:      layout_rooms, chequers_serial_rivers_small_b
D:7:      layout_rooms, minmay_temple_entry_overgrown, enter_bailey_3,
          minmay_misc_feat_cross, lemuel_flame_loot_1
D:8:      wander_river, layout_basic, serial_shops,
          nicolae_shop_temple_entry_statues_fountains
Temple:   nicolae_temple_bog_church

Skill      XL: |  1  2  3  4  5  6  7  8  9 |
---------------+----------------------------+-----
Necromancy     | 5 6 7 8 9 10 11 12 | 12.0
Summonings     | 4 5 |  5.8
Evocations     | 4 |  4.0
Spellcasting   | 4 5 |  5.0
Fighting       | 4 |  4.0
Shields        | 1 |  1.6
Dodging        | |  1.7
Stealth        | |  1.7

Action                     |  1- 3 |  4- 6 |  7- 9 || total
---------------------------+-------+-------+-------++-------
  Melee: Unarmed           |     1 |       |       ||     1
         Dagger            |    28 |       |    36 ||    64
         Great sword       |     4 |     3 |       ||     7
         Staff             |       |     1 |    12 ||    13
         Executioner's axe |       |       |     9 ||     9
   Cast: Necrotise         |    91 |    71 |   260 ||   422
         Animate Dead      |       |     2 |     8 ||    10
         Agony             |       |       |     1 ||     1
    Use: Scroll            |       |     3 |     5 ||     8
         Potion            |       |       |     3 ||     3
   Stab: Distracted        |       |     1 |       ||     1
         Sleeping          |       |       |     1 ||     1
 Armour: Robe              |     9 |     3 |    12 ||    24
         Troll leather arm |       |       |    59 ||    59
  Dodge: Dodged            |    36 |    24 |   151 ||   211

Table legend: (Time is in decaauts)
 A = Elapsed time spent in this place.
 B = Non-inter-level travel time spent in this place.
 C = Inter-level travel time spent in this place.
 D = Time resting spent in this place.
 E = Time spent auto-exploring this place.
 F = Levels seen in this place.
 G = Mean time per level.
                   A        B        C        D        E       F      G
               +--------+--------+--------+--------+--------+-----+--------+
         Total |   7510 |   7132 |    378 |     86 |   5405 |  10 |  751.0 |
       Dungeon |   6286 |   5941 |    345 |     37 |   4694 |   8 |  785.8 |
        Temple |    212 |    179 |     33 |      0 |    160 |   1 |  212.0 |
        Bailey |   1011 |   1011 |      0 |     49 |    550 |   1 | 1011.0 |
               +--------+--------+--------+--------+--------+-----+--------+

Top non-repeatable levels by time:
     D:1: 1641 daAuts
  Bailey: 1011 daAuts
     D:3: 907 daAuts
     D:7: 786 daAuts
     D:6: 745 daAuts
     D:4: 740 daAuts
     D:5: 663 daAuts
     D:2: 630 daAuts
  Temple: 212 daAuts
     D:8: 171 daAuts
